 Dungeon Crawl Stone Soup version 0.18-a0-1323-g706dcef (webtiles) character file.

944 inmateoo the Firebug (level 7, 0/36 HPs)
             Began as a Deep Elf Fire Elementalist on Feb 15, 2016.
             Was a Follower of Vehumet.
             Killed by vampiric draining
             ... invoked by a vampire
              (8 damage)
             ... on level 6 of the Dungeon.
             The game lasted 00:14:55 (3396 turns).

inmateoo the Firebug (Deep Elf Fire Elementalist)   Turns: 3396, Time: 00:14:55

Health: 0/36       AC:  5    Str:  5    XL:     7   Next: 88%
Magic:  4/16       EV: 15    Int: 22    God:    Vehumet [*.....]
Gold:   289        SH:  0    Dex: 15    Spells: 4 memorised, 8 levels left

rFire  + . .     SeeInvis .     w - +1 mace (protect)
rCold  + . .     Gourm    .     (no armour)
rNeg   . . .     Faith    .     (no shield)
rPois  .         Spirit   .     (no helmet)
rElec  .         Dismiss  .     (no cloak)
rCorr  .         Reflect  .     (no gloves)
SustAt .         Harm     .     (no boots)
MR     .....                    z - amulet of magic regeneration
Stlth  ++........               (no ring)
                                u - ring of protection from fire

@: very slightly contaminated, hasted, very quick, not resistant to hostile
enchantments, unstealthy
A: cold resistance 1, low mp 1, wild magic 1
a: Renounce Religion


You were on level 6 of the Dungeon.
You worshipped Vehumet.
Vehumet was aware of your devotion.
You were hungry.

You visited 1 branch of the dungeon, and saw 6 of its levels.

You collected 289 gold pieces.

Inventory:

Hand Weapons
 w - a +1 mace of protection (weapon)
 A - a +3 falchion
Armour
 y - a +3 ring mail of cold resistance
Magical Staves
 C - an uncursed staff of air
Jewellery
 h - an uncursed ring of teleportation
 u - a ring of protection from fire (left hand)
 z - an amulet of magic regeneration (around neck)
 G - an uncursed amulet of guardian spirit {unknown}
Wands
 e - a wand of paralysis (17/24)
Scrolls
 j - 2 scrolls of remove curse
 m - 2 scrolls of teleportation
 B - a scroll of enchant armour
Potions
 a - a potion of magic
 l - a potion of agility {unknown}
 r - 3 potions of heal wounds {unknown}
 s - a potion of flight {unknown}
 v - a potion of brilliance {unknown}
 x - a potion of cancellation {unknown}
Books
 b - a book of Flames

   Spells                             Type                      Level
   a - Flame Tongue                   Conjuration/Fire             1
   b - Throw Flame                    Conjuration/Fire             2
   c - Conjure Flame                  Conjuration/Fire             3
   d - Inner Flame                    Hexes/Fire                   3
   e - Sticky Flame                   Conjuration/Fire             4
   f - Fireball                       Conjuration/Fire             5
Miscellaneous
 f - a plain deck of defence {drawn: 2}
Comestibles
 c - 5 bread rations
 d - 3 meat rations
 g - 23 fruits
 n - 2 beef jerkies


   Skills:
 + Level 0.5 Armour
 + Level 5.3 Dodging
 - Level 2.4 Stealth
 + Level 6.4 Spellcasting
 + Level 4.1 Conjurations
 * Level 6.9 Fire Magic


You had 8 spell levels left.
You knew the following spells:

 Your Spells              Type           Power        Failure   Level  Hunger
a - Flame Tongue          Conj/Fire      #####        3%          1    None
b - Throw Flame           Conj/Fire      #####.       4%          2    None
c - Conjure Flame         Conj/Fire      #####...     7%          3    #......
d - Sticky Flame          Conj/Fire      #####...     22%         4    ###....


Dungeon Overview and Level Annotations

Branches:
Dungeon (6/15)             Temple (0/1) D:6

Altars:
Dithmenos
Kikubaaqudgha
Nemelex Xobeh
Vehumet
Xom


Innate Abilities, Weirdness & Mutations

Your flesh is cold resistant.
Your magical capacity is low (-10% MP).
Your spells are a little harder to cast, but a little more powerful.


Message History

The vampire bites you.
* * * LOW HITPOINT WARNING * * *
The vampire draws strength from your injuries!
The vampire burns!
The vampire hits you but does no damage.
The vampire bites you.
* * * LOW HITPOINT WARNING * * *
The vampire draws strength from your injuries!
Drink which item? (? for menu, Esc to quit)
Okay, then.
Drink which item? (? for menu, Esc to quit)
You feel better.
The vampire burns!
The vampire hits you but does no damage.
The vampire bites you!
* * * LOW HITPOINT WARNING * * *
The vampire draws strength from your injuries!
Drink which item? (? for menu, Esc to quit)
You feel yourself speed up.
The vampire burns!
The vampire is infused with unholy energy.
You die...

#...............#.#...
##(.............#.#.##
##.....#.....#.....##
#....#####..........
#......###.#..#.### #.#
........###
#.#######.........
#V#........#.#...<
#@..########.....(
#...# ######^...
#...###.........[#
#.......######....
...###.)..#### #.###
..........#### #.#
.............######.###
...######.##.....#...(#
.. #.######......#


You could see a vampire (burning).

Vanquished Creatures
  The ghost of YrmMerkstave the Covered, an amateur MiFi (D:3)
  An ice beast (D:5)
  An ogre (D:4)
  A giant frog (D:6)
  A scorpion (D:4)
  A giant frog zombie (D:5)
  A hound (D:5)
  3 orc priests
  A centaur skeleton (D:6)
  An orc wizard (D:4)
  An iguana (D:5)
  3 worker ants
  A worker ant zombie (D:5)
  6 adders
  2 shadow imps
  An ooze (D:3)
  3 worms
  An adder skeleton (D:5)
  4 giant geckos
  13 orcs
  5 giant cockroaches
  10 hobgoblins
  16 jackals
  6 kobolds
  5 quokkas
  11 bats
  4 giant newts
  3 goblins (D:1)
  10 rats
117 creatures vanquished.

Vanquished Creatures (others)
  5 sheep (D:5)
5 creatures vanquished.

Grand Total: 122 creatures vanquished

Notes
Turn   | Place    | Note
--------------------------------------------------------------
     0 | D:1      | inmateoo the Deep Elf Fire Elementalist began the quest for the Orb.
     0 | D:1      | Reached XP level 1. HP: 10/10 MP: 6/6
    70 | D:1      | Found a sparkling altar of Nemelex Xobeh.
   106 | D:1      | Reached XP level 2. HP: 13/15 MP: 2/8
   110 | D:1      | Learned a level 2 spell: Throw Flame
   450 | D:2      | Reached XP level 3. HP: 8/19 MP: 0/9
   455 | D:2      | Learned a level 3 spell: Conjure Flame
   562 | D:2      | Reached skill level 4 in Fire Magic
   740 | D:2      | Found a shadowy altar of Dithmenos.
   775 | D:2      | Reached XP level 4. HP: 22/24 MP: 2/11
  1046 | D:3      | Learned a level 4 spell: Sticky Flame
  1123 | D:3      | Found a radiant altar of Vehumet.
  1128 | D:3      | Became a worshipper of Vehumet
  1200 | D:3      | Reached XP level 5. HP: 19/28 MP: 2/13
  1203 | D:3      | Paralysed by an orc for 2 turns
  1359 | D:3      | Noticed YrmMerkstave's ghost (amateur MiFi)
  1399 | D:3      | Killed YrmMerkstave's ghost
  1399 | D:3      | Reached skill level 5 in Fire Magic
  1399 | D:3      | Reached XP level 6. HP: 32/32 MP: 1/15
  1869 | D:4      | Reached skill level 5 in Spellcasting
  1889 | D:4      | Reached * piety under Vehumet
  1889 | D:4      | Offered knowledge of Shock by Vehumet.
  2083 | D:4      | Gained mutation: Your magical capacity is low (-10% MP). [potion of mutation]
  2083 | D:4      | Gained mutation: Your flesh is cold resistant. [potion of mutation]
  2083 | D:4      | Gained mutation: Your spells are a little harder to cast, but a little more powerful. [potion of mutation]
  2107 | D:4      | Reached XP level 7. HP: 36/36 MP: 7/15
  2126 | D:4      | Reached skill level 6 in Fire Magic
  2512 | D:5      | Entered Level 5 of the Dungeon
  2649 | D:5      | Reached skill level 5 in Dodging
  2746 | D:5      | Found an ancient bone altar of Kikubaaqudgha.
  3007 | D:5      | Found a shimmering altar of Xom.
  3255 | D:6      | Found a staircase to the Ecumenical Temple.
  3364 | D:6      | Noticed a vampire
  3396 | D:6      | Killed from afar by a vampire

Vault maps used:
D:1:      tarquinn_simple_flora_water_c, minmay_misc_feat_encased, nemelex_deck
D:2:      first_bread, grunt_dithmenos_smoke_and_mirrors
D:3:      vehumet_crystals, serial_park_tiny_2
D:4:      grunt_decor_cap
D:5:      kiku_gazebo_garden_becter, kb_xom_exploding_sheep,
          kennysheep_generic_room_15
D:6:      minmay_temple_entry_junction, minmay_misc_feat_enclosed, dk_vineyard_3

Action                   |  1- 3 |  4- 6 |  7- 9 || total
-------------------------+-------+-------+-------++-------
Melee: Club              |    18 |     1 |       ||    19
       Mace              |       |    10 |    12 ||    22
 Cast: Flame Tongue      |    71 |   112 |    52 ||   235
       Sticky Flame      |       |     3 |     3 ||     6
       Conjure Flame     |       |     5 |     1 ||     6
       Throw Flame       |       |     4 |     2 ||     6
Evoke: Deck              |       |       |     2 ||     2
  Use: Scroll            |       |     3 |    13 ||    16
       Potion            |       |     1 |     2 ||     3
 Stab: Sleeping          |     1 |       |       ||     1
  Eat: Chunk             |       |     4 |     4 ||     8
